 Dungeon Crawl Stone Soup version 0.30-a0-568-g124715a40b (webtiles) character file.

Game seed: 15577808017959916573

148467 experimilk the Devastator (level 16, 0/129 HPs)
             Began as a White Draconian Conjurer on Dec 28, 2022.
             Was the Champion of Vehumet.
             Shot with a bolt by Vashnia (18 damage)
             ... on level 2 of the Snake Pit on Dec 29, 2022.
             The game lasted 02:37:13 (42870 turns).

experimilk the Devastator (DrCj)                   Turns: 42870, Time: 02:37:13

Health: 0/129      AC: 16    Str: 17    XL:     16   Next: 94%
Magic:  4/33       EV: 12    Int: 25    God:    Vehumet [******]
Gold:   325        SH:  8    Dex: 16    Spells: 1/41 levels left

rFire   + . .      SeeInvis .    M - +8 war axe of the Postmodern Tables {venom, rN+}
rCold   + . .      Faith    .    Z - +3 warlock's mirror {reflect}
rNeg    + . .      Spirit   .    (body armour unavailable)
rPois   +          Reflect  +    V - +1 hat of Crawling {rPois Will+}
rElec   .          Harm     .    W - +2 cloak "Jiruill" {Regen+ Str+6 Stlth+}
rCorr   .          Rampage  .    i - +1 pair of gloves
Will    ++...                    J - +0 pair of boots
Stlth   +++                      d - amulet of regeneration
HPRegen 2.01/turn                a - ring "Vuxis" {rPois rF+ Slay+4}
MPRegen 0.23/turn                o - +6 ring of dexterity

@: lethally poisoned (0 -> 0), short of breath
A: breathe frost, AC +9, unfitting armour, cold resistance 1, cold-blooded
a: Breathe Frost, Renounce Religion


You were on level 2 of the Snake Pit.
You worshipped Vehumet.
Vehumet was exalted by your worship.
You visited 5 branches of the dungeon, and saw 25 of its levels.
You visited 1 bazaar.
You also visited: Trove and Ice Cave.

You collected 2690 gold pieces.
You spent 2365 gold pieces at shops.

Inventory:

Hand Weapons
 h - a +4 broad axe of electrocution
 K - a +4 broad axe of freezing
 M - the +8 war axe of the Postmodern Tables (weapon) {venom, rN+}
   (You found it on level 10 of the Dungeon)

   It poisons the flesh of those it strikes.
   rN:        It protects you from negative energy.
Armour
 i - a +1 pair of gloves (worn)
 J - a +0 pair of boots (worn)
 V - the +1 hat of Crawling (worn) {rPois Will+}
   (You acquired it on level 3 of the Dungeon)

   rPois:     It protects you from poison.
   Will:      It increases your willpower.
 W - the +2 cloak "Jiruill" (worn) {Regen+ Str+6 Stlth+}
   (You bought it in a shop on level 2 of the Orcish Mines)

   Str:       It affects your strength (+6).
   Regen:     It increases your rate of health regeneration.
   Stlth:     It makes you more stealthy.
 Z - the +3 warlock's mirror (worn) {reflect}
   (You took it off a wizard on level 14 of the Dungeon)

   It can block and reflect piercing ranged attacks and magical attacks against
   the wielder's willpower.
Jewellery
 a - the ring "Vuxis" (left hand) {rPois rF+ Slay+4}
   (You took it off a wizard on level 14 of the Dungeon)

   [ring of slaying]

   Slay:      It affects your accuracy & damage with ranged weapons and melee
   (+4).
   rF:        It protects you from fire.
   rPois:     It protects you from poison.
 d - an amulet of regeneration (around neck)
 e - a +5 ring of evasion
 o - a +6 ring of dexterity (right hand)
 t - a ring of resist corrosion
 S - a ring of poison resistance
 T - a ring of willpower
 X - a ring of protection from fire
 Y - a +5 ring of evasion
Wands
 m - a wand of iceblast (4)
 r - a wand of paralysis (11)
 u - a wand of flame (60)
 x - a wand of acid (4)
 I - a wand of mindburst (13)
Scrolls
 b - 7 scrolls of enchant weapon
 j - 12 scrolls of teleportation
 k - 6 scrolls of fear
 q - 6 scrolls of fog
 v - a scroll of butterflies
 w - 3 scrolls of immolation
 z - 5 scrolls of silence
 C - 5 scrolls of magic mapping
 D - 3 scrolls of vulnerability
 L - 2 scrolls of enchant armour
 P - 4 scrolls of poison
 Q - 14 scrolls of identify
 R - a scroll of amnesia
Potions
 c - a potion of resistance
 f - a potion of invisibility
 g - 3 potions of berserk rage
 l - 5 potions of attraction
 n - 6 potions of lignification
 p - 3 potions of might
 s - 7 potions of curing
 B - 5 potions of mutation
 E - 2 potions of ambrosia
 F - a potion of cancellation
 H - 2 potions of haste
 N - 5 potions of brilliance
 O - a potion of flight
Miscellaneous
 G - a condenser vane (inert)


   Skills:
 + Level 8.4 Fighting
 - Level 10.0 Axes
 - Level 3.0 Dodging
 - Level 1.7 Stealth
 - Level 3.0 Shields
 - Level 13.0 Spellcasting
 - Level 15.0 Conjurations
 - Level 12.0 Translocations
 - Level 15.0 Ice Magic
 - Level 11.2 Air Magic
 - Level 3.0 Evocations


You had one spell level left.
You knew the following spells:

 Your Spells              Type           Power      Damage    Failure   Level
a - Simulacrum            Ice/Necr       26%        N/A       32%         6
b - Orb of Destruction    Conj           37%        9d11      2%          7
c - Freezing Cloud        Conj/Ice/Air   35%        6-21      1%          5
d - Dispersal             Tloc           33%        N/A       5%          6
g - Gell's Gravitas       Tloc           66%        N/A       1%          3
i - Apportation           Tloc           100%       N/A       1%          1
p - Shock                 Conj/Air       100%       1d9       0%          1
q - Swiftness             Air            64%        N/A       1%          3
x - Iskenderun's Mystic   Conj/Tloc      70%        2d14      1%          4
z - Airstrike             Air            32%        2d(5-21)  1%          4

Your spell library contained the following spells:

 Spells                   Type           Power      Damage    Failure   Level
 Conjure Ball Lightning   Conj/Air       35%        3x3d11    1%          6
 Magic Dart               Conj           100%       1d8       0%          1
 Sandblast                Erth           32%        2d9       1%          1
 Necrotise                Necr           64%        1d7       4%          1
 Summon Small Mammal      Summ           64%        N/A       4%          1
 Searing Ray              Conj           100%       2d8       0%          2
 Cigotuvi's Dreadful Rot  Necr/Pois/Air  70%        N/A       1%          2
 Poisonous Vapours        Pois/Air       88%        N/A       1%          2
 Scorch                   Fire           32%        2d6       1%          2
 Dazzling Flash           Conj/Hex       100%       N/A       1%          3
 Frozen Ramparts          Ice            100%       1d16      1%          3
 Hailstorm                Conj/Ice       74%        3d15      1%          3
 Lesser Beckoning         Tloc           100%       N/A       1%          3
 Mephitic Cloud           Conj/Pois/Air  56%        N/A       1%          3
 Stone Arrow              Conj/Erth      100%       3d13      1%          3
 Teleport Other           Tloc           66%        N/A       1%          3
 Flame Wave               Conj/Fire      52%        2d13      1%          4
 Fulminant Prism          Conj/Hex       26%        3d14      1%          4
 Ice Form                 Ice/Tmut       52%        N/A       2%          4
 Summon Ice Beast         Ice/Summ       52%        N/A       2%          4
 Passwall                 Tmut/Erth      13%        N/A       7%          2
 Starburst                Conj/Fire      26%        6d8       9%          6
 Summon Forest            Summ/Tloc      23%        N/A       11%         5
 Vampiric Draining        Necr           16%        2d7       14%         3
 Agony                    Necr           16%        N/A       78%         5
 Blade Hands              Tmut           8%         N/A       78%         5
 Summon Mana Viper        Hex/Summ       16%        N/A       78%         5
 Chain Lightning          Conj/Air       35%        3d46      99%         9
 Statue Form              Tmut/Erth      10%        N/A       100%        6
 Summon Cactus Giant      Summ           8%         N/A       100%        6
 Necromutation            Tmut/Necr      8%         N/A       100%        8
 Fire Storm               Conj/Fire      26%        8d7       100%        9
 Shatter                  Erth           8%         3d10*     100%        9


Dungeon Overview and Level Annotations

Branches:
Dungeon (15/15)            Temple (1/1) D:5            Lair (5/5) D:10
  Swamp (0/4) Lair:2        Snake (2/4) Lair:3        Slime (0/5) Lair:4
    Orc (2/2) D:9             Elf (0/3) Orc:2        Vaults (0/5) D:13
 Depths (0/4) D:15          IceCv (visited)

Altars:
Ashenzari
Cheibriados
Dithmenos
Elyvilon
Fedhas
Gozag
Hepliaklqana
Kikubaaqudgha
Makhleb
Nemelex Xobeh
Okawaru
Qazlal
Ru
Sif Muna
Trog
Uskayaw
Vehumet
Wu Jian
Xom
Yredelemnul
Zin
The Shining One
Jiyva

Shops:
D:3 ?(?   D:10 (   D:11 (   Orc:1 *   Orc:2 ([(?   Snake:1 *(=::(

Annotations:
D:12 1 transporter, Nergalle
Lair:3 2 transporters, BitJockey's ghost, journeyman DECj
Snake:2 Vashnia


Innate Abilities, Weirdness & Mutations

You can breathe waves of freezing cold which knock back foes.
Your icy white scales are hard. (AC +9)
You cannot fit into any form of body armour.
Your flesh is cold resistant. (rC+)
You are cold-blooded and may be slowed by cold attacks.


Message History

Vashnia spits poison at you. The splash of poison hits you!
You are poisoned.
You resist.
You hit Vashnia but do no damage.
Vashnia is almost dead.
You feel very sick.
Vashnia shoots a bolt.
The bolt hits you!!
* * * LOW HITPOINT WARNING * * *
You feel much better.
You feel sick.
Vashnia shoots a bolt.
The bolt hits you!!
* * * LOW HITPOINT WARNING * * *
You feel much better.
You feel sick. Vashnia spits poison at you. The splash of poison hits you.
You are more poisoned.
You resist.
You feel much better.
You feel very sick.
Vashnia shoots a bolt.
The bolt hits you!!
You completely miss Vashnia.
Your tail-slap misses Vashnia.
Vashnia is almost dead.
You have got your breath back.
You feel very sick. Vashnia spits poison at you.
The splash of poison hits you but does no damage.
You resist.
You hit Vashnia.
Your tail-slap misses Vashnia.
Vashnia is almost dead.
You feel sick.
Vashnia shoots a bolt.
The bolt hits you!!
* * * LOW HITPOINT WARNING * * *
Aiming: Breathe Frost (1% risk of failure)
Press: ? - help, Shift-Dir - straight line, f/p - Vashnia
Aim: Vashnia, wielding a +0 arbalest and wearing a +0 barding of flying (almost dead, very poisoned, catching her breath, 46% to hit)
You exhale a wave of freezing cold.
The freezing breath hits Vashnia.
Vashnia is almost dead.
Vashnia is blown backwards by the freezing wind.
You feel sick.
Vashnia mumbles some strange words.
Vashnia magically shoots a bolt.
The bolt hits you!!
You die...

#)###.###......)#....
#.[##.###.......##...
##.)....##....).#####
#######)#.###.......# #
..........###..)....# #
#######.#..<)..)....#
#####N.)....####.##
.N#######......#....####.#
N).N..)...##.@....))...#..
##...######...○##[.....#...
... #..#.#####....#.... .
#....# #..N##.####
#######...## ###<...#
#.........# #....#
#.........# #...##
#.........# #####
###########


You could see Vashnia (very poisoned, catching breath).

Vanquished Creatures
  Rupert (D:13)
  Aizul (Snake:2)
  A stone giant (D:15)
  Nessos (Lair:3)
  Azrael (Orc:2)
  A bunyip (shapeshifter) (D:15)
  2 fire dragons
  Harold (Orc:1)
  5 hydras
  4 vault guards (D:13)
  A salamander tyrant (Snake:2)
  5 ogre magi
  3 anacondas
  A catoblepas (Lair:5)
  4 centaur warriors (D:14)
  4 naga warriors
  4 tengu warriors (D:15)
  15 two-headed ogres
  6 boulder beetles
  Urug (Lair:3)
  21 death yaks
  5 naga sharpshooters (Snake:2)
  3 shock serpents (Snake:2)
  An orc high priest (Orc:2)
  A skeletal warrior (D:14)
  A bog body (IceCv)
  A naga ritualist (Snake:1)
  2 necromancers
  5 wizards
  Pikel (D:4)
  2 orc knights
  3 mana vipers
  11 salamanders
  6 manticores
  An orc sorcerer (D:15)
  7 cyclopes
  A black mamba (shapeshifter) (D:14)
  16 ugly things
  12 elephants
  A guardian serpent (Snake:1)
  Maurice (D:8)
  20 cane toads
  19 black mambas
  Joseph (D:8)
  2 ice statues (IceCv)
  4 gargoyles
  2 torpor snails
  4 naga magi
  3 unseen horrors
  4 rime drakes
  2 efreet
  2 yaktaurs
  2 anaconda simulacra (IceCv)
  9 ice devils
  7 komodo dragons
  A tengu conjurer (D:15)
  2 freezing wraiths (D:14)
  A polar bear (Lair:2)
  12 trolls
  4 tyrant leeches (Lair:5)
  13 slime creatures
  34 blink frogs
  A centaur simulacrum (D:15)
  Prince Ribbit (D:6)
  4 dream sheep (Lair:4)
  3 vampires
  2 shadows
  2 wyverns (Lair:4)
  2 fire elementals (Orc:2)
  4 wraiths
  4 basilisks
  50 yaks
  3 dire elephant simulacra (IceCv)
  3 water elementals
  A human (D:13)
  9 vampire mosquitoes
  Menkaure (D:4)
  12 nagas
  3 wargs
  A swamp worm (shapeshifter) (D:14)
  6 two-headed ogre zombies (Orc:1)
  2 acid dragons
  Duvessa (D:6)
  5 hydra simulacra (IceCv)
  3 hell hounds (Orc:2)
  22 water moccasins
  An ice beast (D:6)
  20 orc warriors
  2 sky beasts
  4 black bears
  5 boggarts (D:15)
  27 ogres (Orc:2)
  11 wolves
  14 centaurs
  A necrophage (D:5)
  27 bullfrogs
  2 scorpions (D:6)
  Dowan (D:6)
  3 wights (D:8)
  9 killer bees
  6 electric eels
  6 howler monkeys
  3 jellies
  13 orc priests
  A hound (D:5)
  11 orc wizards
  Ijyb (D:3)
  4 iguanas
  2 polar bear simulacra (IceCv)
  A spriggan simulacrum (IceCv)
  Robin (D:4)
  3 gnolls (Orc:2)
  9 adders
  A naga simulacrum (IceCv)
  2 white imps
  An ufetubus (D:7)
  A worm (shapeshifter) (D:15)
  A worm (D:2)
  A dart slug (D:1)
  74 orcs
  8 endoplasms
  6 giant cockroaches
  9 hobgoblins
  15 jackals
  5 kobolds
  5 quokkas
  3 ball pythons
  3 bats
  8 frilled lizards
  14 goblins
  2 rats (D:3)
  A bush (Lair:5)
805 creatures vanquished.

Vanquished Creatures (others)
  An ogre mage (D:14)
  An orc warrior (Orc:2)
  An orc priest (Orc:2)
  A white imp (D:7)
  An ufetubus (IceCv)
  A ball python (D:3)
  63 fungi
  131 plants
200 creatures vanquished.

Grand Total: 1005 creatures vanquished

Notes
Turn   | Place    | Note
-------+----------+-------------------------------------------
     0 | D:1      | experimilk the Draconian Conjurer began the quest for the
                  | Orb.
     0 | D:1      | Reached XP level 1. HP: 14/14 MP: 3/3
   173 | D:1      | Reached XP level 2. HP: 20/22 MP: 0/5
   176 | D:1      | Learned a level 2 spell: Searing Ray
   527 | D:1      | Reached skill level 1 in Fighting
  1169 | D:2      | Reached XP level 3. HP: 28/28 MP: 3/6
  1226 | D:2      | You fall into a shaft and drop 1 floor!
  1317 | D:3      | Found a sparkling altar of Nemelex Xobeh.
  1343 | D:3      | Identified the +4 dagger "Haiwuotz" {drain, Dex+6}
  1417 | D:3      | Found Hicleik's Magic Scroll Shoppe.
  1426 | D:3      | Bought a scroll of identify for 20 gold pieces
  1426 | D:3      | Bought a scroll of teleportation for 30 gold pieces
  1426 | D:3      | Bought 2 scrolls of identify for 40 gold pieces
  1464 | D:3      | Found Mydaotu's Weapon Shoppe.
  1507 | D:3      | Bought a scroll of noise for 10 gold pieces
  1710 | D:3      | Reached XP level 4. HP: 26/36 MP: 1/7
  1811 | D:3      | Reached skill level 5 in Conjurations
  1853 | D:3      | Found a faded altar of an unknown god.
  1863 | D:3      | Noticed Ijyb
  2294 | D:3      | Killed Ijyb
  2295 | D:3      | Reached XP level 5. HP: 42/42 MP: 0/9
  2382 | D:3      | Found Wastal's Magic Scroll Boutique.
  3703 | D:3      | Bought a scroll of identify for 26 gold pieces
  3883 | D:4      | Noticed a lemure
  3883 | D:4      | Noticed a lemure
  3945 | D:4      | Noticed Pikel
  3945 | D:4      | Noticed a lemure
  3953 | D:4      | Killed Pikel
  3954 | D:4      | Reached XP level 6. HP: 51/51 MP: 9/11
  3954 | D:4      | Your scales start taking on an icy white colour.
  3954 | D:4      | Reached XP level 7. HP: 57/57 MP: 9/12
  3954 | D:4      | Gained mutation: Your flesh is cold resistant. (rC+) [White
                  | Draconian growth]
  3956 | D:4      | Learned a level 1 spell: Shock
  4034 | D:4      | Noticed Robin
  4039 | D:4      | Killed Robin
  4060 | D:4      | Noticed Menkaure
  4543 | D:4      | Killed Menkaure
  4622 | D:5      | Entered Level 5 of the Dungeon
  4983 | D:5      | Reached skill level 1 in Air Magic
  5173 | D:5      | Found a staircase to the Ecumenical Temple.
  5182 | Temple   | Entered the Ecumenical Temple
  5189 | Temple   | Became a worshipper of Vehumet
  5417 | D:5      | Found a blossoming altar of Fedhas.
  5542 | D:5      | Found a bloodstained altar of Trog.
  5542 | D:5      | Found a burning altar of Makhleb.
  5549 | D:5      | Reached XP level 8. HP: 63/63 MP: 7/15
  5719 | D:3      | Bought a scroll of fog for 40 gold pieces
  5719 | D:3      | Bought a scroll of immolation for 40 gold pieces
  6102 | D:6      | Noticed Dowan
  6214 | D:6      | Reached skill level 5 in Spellcasting
  6344 | D:6      | Learned a level 3 spell: Swiftness
  6838 | D:6      | Noticed Prince Ribbit
  6846 | D:6      | Killed Prince Ribbit
  6847 | D:6      | Reached XP level 9. HP: 69/69 MP: 8/16
  7022 | D:6      | Noticed Duvessa
  7037 | D:6      | Killed Duvessa
  7042 | D:6      | Killed Dowan
  7242 | D:3      | Bought a scroll of magic mapping for 97 gold pieces
  7368 | D:6      | Reached * piety under Vehumet
  7368 | D:6      | Offered knowledge of Foxfire by Vehumet.
  7597 | D:6      | Learned a level 4 spell: Iskenderun's Mystic Blast
  7742 | D:7      | Reached skill level 5 in Air Magic
  7750 | D:7      | Reached skill level 1 in Translocations
  8381 | D:7      | Reached skill level 10 in Conjurations
  8689 | D:7      | Noticed a troll
  9009 | D:7      | Learned a level 4 spell: Airstrike
  9011 | D:7      | Learned a level 1 spell: Apportation
  9367 | D:7      | Killed a troll
  9460 | D:7      | Reached XP level 10. HP: 77/77 MP: 12/18
  9782 | D:8      | Noticed a two-headed ogre
  9787 | D:8      | Killed a two-headed ogre
  9787 | D:8      | Reached ** piety under Vehumet
  9789 | D:8      | Offered knowledge of Kiss of Death by Vehumet.
 10307 | D:8      | Noticed Joseph
 10328 | D:8      | Killed Joseph
 10445 | D:8      | Noticed Maurice
 10457 | D:8      | Killed Maurice
 10458 | D:8      | Reached skill level 5 in Translocations
 11705 | D:9      | Reached XP level 11. HP: 55/82 MP: 4/21
 12101 | D:9      | Offered knowledge of Kindle Blastsparks by Vehumet.
 12421 | D:9      | Reached *** piety under Vehumet
 12524 | D:9      | Found a staircase to the Orcish Mines.
 12637 | D:9      | Noticed a +0 falchion
 12637 | D:9      | Noticed a +0 dagger
 12638 | D:9      | Noticed a +0 short sword
 12638 | D:9      | Noticed a +0 short sword
 12639 | D:9      | Noticed a +0 spear
 12639 | D:9      | Noticed a +0 dagger
 12640 | D:9      | Noticed a +0 spear
 12640 | D:9      | Noticed a +0 falchion
 12645 | D:9      | Found a hide-covered altar of Uskayaw.
 12833 | D:9      | Found a glowing silver altar of Zin.
 12923 | D:10     | Entered Level 10 of the Dungeon
 12964 | D:10     | Found Edaede Zunk's Antique Weapon Shoppe.
 13120 | D:10     | Found a sacrificial altar of Ru.
 13558 | D:10     | Found a staircase to the Lair.
 13674 | D:10     | Identified the +8 war axe of the Postmodern Tables {venom,
                  | rN+}
 13676 | D:10     | Got Yzuyfir's Spellbook of Shaping
 13934 | D:10     | Learned a level 3 spell: Mephitic Cloud
 13938 | D:10     | Learned a level 3 spell: Gell's Gravitas
 13991 | Lair:1   | Entered Level 1 of the Lair of Beasts
 14317 | Lair:1   | Offered knowledge of Olgreb's Toxic Radiance by Vehumet.
 15198 | Lair:1   | Noticed a death yak
 15198 | Lair:1   | Noticed a death yak
 15199 | Lair:1   | Noticed a death yak
 15214 | Lair:1   | Noticed a death yak
 15216 | Lair:1   | Noticed a death yak
 15218 | Lair:1   | Killed a death yak
 15218 | Lair:1   | Noticed a death yak
 15227 | Lair:1   | Killed a death yak
 15228 | Lair:1   | Reached skill level 1 in Shields
 15232 | Lair:1   | Killed a death yak
 15233 | Lair:1   | Reached XP level 12. HP: 89/89 MP: 21/25
 15237 | Lair:1   | Killed a death yak
 15239 | Lair:1   | Killed a death yak
 15240 | Lair:1   | Killed a death yak
 15315 | Lair:1   | Reached **** piety under Vehumet
 15804 | Lair:2   | Noticed a death yak
 15804 | Lair:2   | Noticed a death yak
 15804 | Lair:2   | Noticed a death yak
 16132 | Lair:2   | Offered knowledge of Sticky Flame by Vehumet.
 16134 | Lair:2   | Noticed a death yak
 16173 | Lair:2   | Noticed a death yak
 16175 | Lair:2   | Noticed a death yak
 17051 | Lair:2   | Found a staircase to the Swamp.
 17058 | Lair:2   | Reached skill level 10 in Translocations
 17058 | Lair:2   | Reached skill level 10 in Air Magic
 17443 | Lair:2   | Noticed a death yak
 17444 | Lair:2   | Noticed a death yak
 17446 | Lair:2   | Noticed a death yak
 17453 | Lair:2   | Killed a death yak
 17454 | Lair:2   | Killed a death yak
 17457 | Lair:2   | Killed a death yak
 17459 | Lair:2   | Killed a death yak
 17459 | Lair:2   | Killed a death yak
 17460 | Lair:2   | Reached XP level 13. HP: 94/94 MP: 21/26
 17783 | Lair:2   | Learned a level 6 spell: Dispersal
 17880 | Lair:3   | Noticed Nessos
 17893 | Lair:3   | Noticed Urug
 17896 | Lair:3   | Killed Nessos
 17902 | Lair:3   | Killed Urug
 18023 | Lair:3   | Found a staircase to the Snake Pit.
 18084 | Lair:3   | Reached ***** piety under Vehumet
 18256 | Lair:3   | Found a transporter.
 18272 | Lair:3   | Noticed BitJockey's ghost (journeyman DECj)
 18273 | Lair:3   | Offered knowledge of Freezing Cloud by Vehumet.
 18284 | Lair:3   | Learned a level 5 spell: Freezing Cloud
 18379 | Lair:3   | Reached skill level 1 in Ice Magic
 19043 | Lair:3   | Reached skill level 5 in Ice Magic
 19242 | Lair:3   | Found a transporter.
 19644 | Lair:4   | Found a viscous altar of Jiyva.
 19645 | Lair:4   | Found a staircase to the Slime Pits.
 19768 | Lair:4   | Identified the +1 whip of Komoen {flame, rC+ Will+ Dex+3}
 21458 | Lair:4   | Reached skill level 10 in Ice Magic
 21595 | Lair:5   | Entered Level 5 of the Lair of Beasts
 21733 | Lair:5   | Reached XP level 14. HP: 70/102 MP: 27/27
 22320 | Lair:5   | Offered knowledge of Orb of Destruction by Vehumet.
 24068 | Lair:5   | Learned a level 7 spell: Orb of Destruction
 24795 | D:3      | Bought a scroll of acquirement for 676 gold pieces
 24795 | D:3      | Acquired the +1 hat of Crawling {rPois Will+}
 24975 | Orc:1    | Entered Level 1 of the Orcish Mines
 25124 | Orc:2    | Entered Level 2 of the Orcish Mines
 25124 | Orc:2    | Noticed Azrael
 25139 | Orc:2    | Killed Azrael
 25629 | Orc:2    | Found a staircase to the Elven Halls.
 25682 | Orc:2    | Reached skill level 10 in Spellcasting
 25706 | Orc:2    | Offered knowledge of Iron Shot by Vehumet.
 26025 | Orc:2    | Found Enidumet's Magic Scroll Boutique.
 26025 | Orc:2    | Found Xifafep's Antique Weapon Shoppe.
 26026 | Orc:2    | Found Sygigopp's Antique Armour Shoppe.
 26026 | Orc:2    | Found Weonocli's Weapon Shop.
 26036 | Orc:2    | Bought a distressingly furry cloak for 228 gold pieces
 26036 | Orc:2    | Identified the +2 cloak "Jiruill" {Regen+ Str+6 Stlth+}
                  | (You bought it in a shop on level 2 of the Orcish Mines)
 26048 | Orc:2    | Bought a shiny buckler for 180 gold pieces
 26242 | Orc:1    | Found Inna's Assorted Antiques.
 26415 | Orc:1    | Reached XP level 15. HP: 107/107 MP: 6/29
 26810 | Orc:1    | Noticed Harold
 26817 | Orc:1    | Killed Harold
 28253 | D:11     | Found Daadol Iwn's Antique Weapon Shoppe.
 28981 | D:12     | Found a transporter.
 28982 | D:12     | Found a radiant altar of Vehumet.
 29012 | D:12     | Found a frozen archway.
 29026 | IceCv    | Entered an ice cave
 29029 | IceCv    | Offered knowledge of Lightning Bolt by Vehumet.
 31168 | D:12     | Reached skill level 15 in Conjurations
 31288 | D:12     | Reached skill level 1 in Axes
 31644 | D:12     | Noticed Nergalle
 32609 | D:13     | Noticed Rupert
 32613 | D:13     | Killed Rupert
 32614 | D:13     | Reached skill level 5 in Axes
 34064 | D:13     | Found a gate to the Vaults.
 34914 | D:14     | Found a flickering gateway to a bazaar.
 34920 | Bazaar   | Entered a bazaar
 34920 | Bazaar   | Found Viwaffod's Antique Weapon Shop.
 34920 | Bazaar   | Found Erutyiw's Antique Armour Shop.
 35151 | Bazaar   | Found Zabo's Distillery.
 35197 | Bazaar   | Bought a potion of brilliance for 48 gold pieces
 35197 | Bazaar   | Bought a potion of flight for 36 gold pieces
 35197 | Bazaar   | Bought a potion of ambrosia for 96 gold pieces
 35197 | Bazaar   | Bought a potion of might for 48 gold pieces
 35444 | D:14     | Offered knowledge of Irradiate by Vehumet.
 35725 | D:14     | Reached skill level 10 in Axes
 35725 | D:14     | Reached XP level 16. HP: 76/114 MP: 11/31
 35800 | D:14     | Identified the ring "Vuxis" {rPois rF+ Slay+4}
 37181 | D:14     | Learned a level 6 spell: Dispersal
 37603 | D:15     | Entered Level 15 of the Dungeon
 38542 | D:15     | Reached skill level 5 in Fighting
 38745 | D:15     | Found a staircase to the Depths.
 39186 | D:15     | Found a portal to a secret trove of treasure.
 39283 | D:15     | You paid a toll of 4 scrolls of blinking to enter a
                  | treasure trove
 39284 | Trove    | Entered a treasure trove
 39287 | Trove    | Found the +7 Throatcutter {drain, coup de grace}
 39288 | Trove    | Found the +16 obsidian axe {drain, Mesm Drain Fly SInv}
 39292 | Trove    | Identified the +3 rapier "Lefanes" {flame, +Blink}
 39294 | Trove    | Identified the +0 falchion "Tiel" {freeze, rF+ rCorr}
 39300 | Trove    | Identified the +10 spear of Teov {heavy, rC+}
 39561 | Snake:1  | Entered Level 1 of the Snake Pit
 39638 | Snake:1  | Reached ****** piety under Vehumet
 39638 | Snake:1  | Offered knowledge of Conjure Ball Lightning by Vehumet.
 39786 | Snake:1  | Found Apadinlatic's Jewellery Shop.
 39787 | Snake:1  | Found Ytow's Gadget Gallery.
 39877 | Snake:1  | Found Deqoit's Antique Weapon Shoppe.
 40011 | Snake:1  | Found Cosij's Antique Weapon Boutique.
 40401 | Snake:1  | Found Cadith's Book Boutique.
 40406 | Snake:1  | Bought the Compilation of Rime for 750 gold pieces
 40415 | Snake:1  | Learned a level 6 spell: Simulacrum
 40717 | Snake:1  | Found Uxitrom's Book Emporium.
 41240 | Snake:2  | Reached skill level 15 in Ice Magic
 41983 | Snake:2  | Identified the +2 trident "Xeen" {freeze, Int+2}
 42052 | Snake:2  | Noticed Aizul
 42216 | Snake:2  | Killed Aizul
 42462 | Snake:2  | Noticed Vashnia
 42864 | Snake:2  | HP: 6/129 [Vashnia/bolt (34)]
 42870 | Snake:2  | Shot with a bolt by Vashnia

Illustrated notes

Levels and vault maps discovered:
D:1:      wander_arrival_chamber, layout_basic, item_on_display_a
D:2:      layout_basic, minmay_close_crescents
D:3:      layout_basic, lemuel_doored_altar, serial_shops,
          nicolae_shop_statue_plus, shop, shop,
          ebering_ecumenical_altar_abandoned, uniq_ijyb
D:4:      layout_rooms, kennysheep_generic_room_15, uniq_robin, uniq_menkaure,
          uniq_pikel
D:5:      layout_loops_ring, general_overflow_altar,
          gammafunk_temple_overflow_pools, minmay_temple_entry_water_ring
D:6:      layout_gridville, uniq_prince_ribbit1, uniq_duvessa
D:7:      kennysheep_windowed_halls, layout_loops_ring, lemuel_flamethrower_2
D:8:      layout_layer_cave, uniq_maurice, uniq_joseph
D:9:      layout_gridville, nicolae_uskayaw_en_pointe, zin_scriptorium,
          david_orc_5, minmay_lizard_king
D:10:     layout_gridville, hangedman_ru_absence, lair_entry_dummy,
          serial_shops, kennysheep_little_box, grunt_ministairs_7
D:11:     layout_rooms, serial_shops, nicolae_shop_overgrown_old_shop
D:12:     gammafunk_sealed_library, layout_basic, portal_ice_cave_demonic_guard,
          uniq_nergalle
D:13:     layout_basic, grunt_vaults_entry_fortified,
          amcnicky_mini_rare_corridor_liquid, minmay_misc_feat_tiny, uniq_rupert
D:14:     minmay_the_grid_octo_tiled_octocenter [minmay_the_grid_octo_empty,
          minmay_the_grid_octo_odd_swirl, minmay_the_grid_octo_thin_diamonds,
          minmay_the_grid_octo_clover,
          minmay_the_grid_octo_prize_square_snowflake,
          minmay_the_grid_square_5x5_n, minmay_the_grid_square_5x5_dogpile,
          minmay_the_grid_square_5x5_six_small,
          minmay_the_grid_square_5x5_broken_cross], layout_stronghold,
          chequers_serial_rivers_small_a, serial_shops, freezing_bzr
D:15:     hangedman_depths_entry_civil_slaughter, layout_loops_ring,
          enter_trove_6, kennysheep_flooded_box
Temple:   nicolae_temple_no_exploring_needed
Lair:1:   layout_regular_city, minivault_26, grunt_megastairs_1,
          serial_bayou_shore_a
Lair:2:   layout_small_grid, swamp_mist
Lair:3:   layout_cave_pods, dummy_snake_entry,
          gammafunk_ghost_berserking_beasts, hibernation_bobbens,
          lemuel_fruit_tree, lemuel_fruit_fields, infiniplex_staircase_pool_2,
          uniq_nessos, uniq_urug
Lair:4:   layout_regular_city, slime_entry_1, minivault_26, grunt_megastairs_4,
          infiniplex_staircase_pool
Lair:5:   minmay_lair_end_frog_pond, layout_loops_ring
Snake:1:  layout_cave_shapes, serial_shops, nicolae_shop_stone,
          nicolae_shop_stone, shop, shop, shop_fountains,
          nicolae_snake_gridmaze_big_u, nicolae_shop_gadgets
Snake:2:  layout_misc_corridors, nicolae_snake_salamander_jacuzzi, uniq_vashnia,
          uniq_aizul
Orc:1:    lemuel_ogre_cave, layout_diamond_mine, serial_shops,
          nicolae_shop_overgrown_old_shop, basic_altar, uniq_harold
Orc:2:    st_orc_ogre_mass, layout_diamond_mine, basic_altar, uniq_azrael

Skill      XL: |  1  2  3  4  5  6  7  8  9 10 11 12 13 14 15 16 |
---------------+-------------------------------------------------+-----
Fighting       | 1 2 3 8 |  8.4
Conjurations   | 5 7 8 9 11 13 15 | 15.0
Spellcasting   | 3 4 5 7 9 10 11 13 | 13.0
Air Magic      | 1 4 5 7 10 11 | 11.2
Dodging        | 3 |  3.0
Translocations | 3 5 7 10 11 12 | 12.0
Evocations     | 3 |  3.0
Shields        | 1 3 |  3.0
Ice Magic      | 11 13 15 | 15.0
Axes           | 10 | 10.0
Stealth        | |  1.7

Action                   |  1- 3 |  4- 6 |  7- 9 | 10-12 | 13-15 | 16-18 || total
-------------------------+-------+-------+-------+-------+-------+-------++-------
Melee: Unarmed           |     4 |       |       |       |       |       ||     4
       Tailslap          |     2 |       |     5 |     9 |    55 |    16 ||    87
       Whip              |     8 |       |       |       |       |       ||     8
       Dagger            |     7 |     3 |    35 |    61 |   121 |       ||   227
       War axe           |       |       |       |       |    64 |    58 ||   122
 Cast: Magic Dart        |    58 |    51 |     6 |       |       |       ||   115
       Searing Ray       |     7 |    13 |    64 |   105 |    10 |     2 ||   201
       Shock             |       |       |    91 |   129 |    30 |     8 ||   258
       Iskenderun's Myst |       |       |     1 |    73 |   124 |    34 ||   232
       Swiftness         |       |       |     1 |       |       |       ||     1
       Mephitic Cloud    |       |       |       |    25 |     1 |       ||    26
       Gell's Gravitas   |       |       |       |     8 |     6 |     2 ||    16
       Airstrike         |       |       |       |     8 |    69 |    23 ||   100
       Freezing Cloud    |       |       |       |       |   253 |   115 ||   368
       Dispersal         |       |       |       |       |     1 |       ||     1
       Orb of Destructio |       |       |       |       |    34 |    30 ||    64
 Abil: Breathe Frost     |       |       |    13 |    17 |    51 |    23 ||   104
Evoke: Wand              |       |     3 |     1 |     7 |     5 |     3 ||    19
       Condenser vane    |       |       |       |     3 |     3 |     2 ||     8
  Use: Scroll            |     4 |     3 |     7 |     8 |    11 |     4 ||    37
       Potion            |       |     2 |     3 |     7 |     7 |     3 ||    22
 Stab: Confused          |       |       |       |     4 |     3 |       ||     7
       Paralysed         |       |       |       |     3 |       |       ||     3
       Sleeping          |       |       |       |       |     2 |       ||     2
Armor: Skin              |     8 |     8 |    40 |    33 |    97 |    24 ||   210
Dodge: Dodged            |    14 |    15 |   113 |   124 |   198 |    42 ||   506
       Repelled          |       |       |       |     1 |     1 |       ||     2
Block: Buckler           |       |       |     2 |    35 |    82 |    30 ||   149
       Reflection        |       |       |       |       |       |    13 ||    13

Table legend: (Time is in decaauts)
 A = Elapsed time spent in this place.
 B = Non-inter-level travel time spent in this place.
 C = Inter-level travel time spent in this place.
 D = Time resting spent in this place.
 E = Time spent auto-exploring this place.
 F = Levels seen in this place.
 G = Mean time per level.
                   A        B        C        D        E       F      G
               +--------+--------+--------+--------+--------+-----+--------+
         Total |  43027 |  40749 |   2278 |  16414 |  18001 |  28 | 1536.7 |
       Dungeon |  24446 |  22735 |   1711 |   6843 |  12939 |  15 | 1629.7 |
        Temple |     14 |      3 |     11 |      0 |      0 |   1 |   14.0 |
          Lair |  10909 |  10485 |    424 |   5751 |   2860 |   5 | 2181.8 |
     Snake Pit |   3311 |   3246 |     65 |   1518 |   1329 |   2 | 1655.5 |
  Orcish Mines |   2069 |   2004 |     65 |    775 |    824 |   2 | 1034.5 |
        Bazaar |    322 |    322 |      0 |    207 |     48 |   1 |  322.0 |
         Trove |    118 |    118 |      0 |      0 |      0 |   1 |  118.0 |
      Ice Cave |   1835 |   1835 |      0 |   1320 |      0 |   1 | 1835.0 |
               +--------+--------+--------+--------+--------+-----+--------+

Top non-repeatable levels by time:
  Lair:4: 2796 daAuts
    D:13: 2674 daAuts
    D:14: 2533 daAuts
  Lair:5: 2278 daAuts
     D:7: 2242 daAuts
  Lair:1: 2005 daAuts
 Snake:1: 1940 daAuts
  Lair:2: 1928 daAuts
  Lair:3: 1899 daAuts
     D:8: 1873 daAuts
   IceCv: 1835 daAuts
     D:6: 1726 daAuts
     D:3: 1711 daAuts
    D:11: 1629 daAuts
    D:15: 1561 daAuts
